 Dungeon Crawl Stone Soup version 0.22.0 (webtiles) character file.

21 xormask the Sneak (level 2, 0/19 HPs)
             Began as a Vampire Fire Elementalist on Aug 11, 2018.
             Engulfed by a cloud of steam (10 damage)
             ... on level 2 of the Dungeon.
             The game lasted 00:01:11 (1124 turns).

xormask the Sneak (Vampire Fire Elementalist)       Turns: 1124, Time: 00:01:11

Health: 0/19       AC:  2    Str:  7    XL:     2   Next: 65%
Magic:  2/5        EV: 12    Int: 17    God:
Gold:   86         SH:  0    Dex: 14    Spells: 4/5 levels left

rFire    . . .     SeeInvis +   b - +0 dagger
rCold    + . .     Gourm    .   (no shield)
rNeg     + + .     Faith    .   a - +0 robe
rPois    +         Spirit   .   (no helmet)
rElec    .         Reflect  .   (no cloak)
rCorr    .         Harm     .   (no gloves)
MR       .....                  (no boots)
Stlth    +++.......             (no amulet)
HPRegen  0.03/turn              (no ring)
MPRegen  0.09/turn              (no ring)

@: regenerating slowly
A: fangs 3, see invisible, unbreathing
a: no special abilities


You were on level 2 of the Dungeon.
You were thirsty.

You visited 1 branch of the dungeon, and saw 2 of its levels.

You collected 86 gold pieces.

Inventory:

Hand Weapons
 b - a +0 dagger (weapon)
Armour
 a - a +0 robe (worn)
Jewellery
 f - an uncursed amulet of the gourmand {unknown}
Scrolls
 d - 2 scrolls of enchant armour {unknown}
 e - a scroll of random uselessness {unknown}
 g - a scroll of amnesia {unknown}
 h - a scroll of identify {unknown}
 i - a scroll of teleportation {unknown}
 k - a scroll of remove curse {unknown}
 l - a scroll of blinking {unknown}
Potions
 c - 7 potions of blood
 j - a potion of curing {unknown}
 m - a potion of cancellation {unknown}
 n - a potion of degeneration {unknown}


   Skills:
 - Level 2.1 Dodging
 - Level 3.0 Stealth
 + Level 2.3 Spellcasting
 - Level 0.6 Conjurations
 * Level 3.0 Fire Magic


You had 4 spell levels left.
You knew the following spells:

 Your Spells              Type           Power        Failure   Level  Hunger
a - Flame Tongue          Conj/Fire      #....        9%          1    #......

Your spell library contained the following spells:

 Spells                   Type           Power        Failure   Level  Hunger
 Fireball                 Conj/Fire      #.........   94%         5    ######.
 Conjure Flame            Conj/Fire      #.......     26%         3    ###....
 Throw Flame              Conj/Fire      #.....       13%         2    ##.....
 Sticky Flame             Conj/Fire      #.......     65%         4    #####..
 Inner Flame              Hex/Fire       #.......     30%         3    ###....


Dungeon Overview and Level Annotations

Branches:
Dungeon (2/15)

Altars:
Cheibriados
Dithmenos


Innate Abilities, Weirdness & Mutations

You heal slowly.
You have razor-sharp teeth.
You have supernaturally acute eyesight. (SInv)
You can survive without breathing.


Message History

The flame tongue hits the dart slug.
The dart slug is almost dead.
Casting: Flame Tongue (safe; 9% risk of failure)
Confirm with . or Enter, or press ? or * to list all spells.
Aiming: Flame Tongue (safe; 9% risk of failure)
Press: ? - help, Shift-Dir - straight line, f/p - dart slug
Aim: a dart slug (steam, almost dead)
The flame tongue hits the dart slug.
You kill the dart slug!
You are engulfed in a cloud of scalding steam.
Casting: Flame Tongue (safe; 9% risk of failure)
Confirm with . or Enter, or press ? or * to list all spells.
You can't see any susceptible monsters within range! (Use Z to cast anyway.) You're standing in a cloud of steam!
You're standing in a cloud of steam!
An adder comes into view.
You're standing in a cloud of steam!
You are engulfed in a cloud of scalding steam.
Ouch! That really hurt!
You die...

.. #..##...#
#.###..## ###.# ##.#
#...####.# #
...###.###....##.#
#................#
#...#.##........##
#.........#.......##
.........##@§≈§≈....
..#####.. #§≈§≈≈≈...
. #.. #.≈≈†≈≈... ..
#.. ..≈≈≈≈≈.?. .#
#....##≈≈≈#### .#
#..#. #_## .... ##
.#... .. S..


There were no monsters in sight!

Vanquished Creatures
  2 dart slugs (D:2)
  2 leopard geckos
  A giant cockroach (D:2)
  2 goblins
  A kobold (D:1)
  2 bats
  2 frilled lizards (D:1)
  4 rats
16 creatures vanquished.

Notes
Turn   | Place    | Note
-------+----------+-------------------------------------------
     0 | D:1      | xormask the Vampire Fire Elementalist began the quest for the Orb.
     0 | D:1      | Reached XP level 1. HP: 13/13 MP: 3/3
   359 | D:1      | Reached XP level 2. HP: 19/19 MP: 3/5
  1093 | D:2      | Found a shadowy altar of Dithmenos.
  1116 | D:2      | Found a snail-covered altar of Cheibriados.
  1124 | D:2      | Engulfed by a cloud of steam

Skill      XL: |  1  2 |
---------------+-------+-----
Fire Magic     | 3 |  3.0
Dodging        | |  2.1
Stealth        | |  3.0
Spellcasting   | |  2.3
Conjurations   | |  0.6

Action                   || total
-------------------------++-------
Melee: Dagger            ||     3
       Bite              ||     1
 Cast: Flame Tongue      ||    27
Armor: Robe              ||     1
Dodge: Dodged            ||     7
